 Dungeon Crawl Stone Soup version 0.27-a0-1189-gb8eb6cee8e (console) character file.

Game seed: 3970419487235160988

36 Hector the Chopper (level 3, -2/29 HPs)
             Began as a Formicid Abyssal Knight on May 23, 2021.
             Was a Believer of Lugonu.
             Slain by an adder (3 damage)
             ... on level 2 of the Dungeon.
             The game lasted 00:02:40 (1633 turns).

Hector the Chopper (Formicid Abyssal Knight)        Turns: 1633, Time: 00:02:41

Health: -2/29      AC:  1    Str: 16 (17) XL:     3   Next: 57%
Magic:  4/4        EV: 11    Int:  9 (11) God:    Lugonu [**....]
Gold:   96         SH:  0    Dex:  7 (10) Spells: 2/2 levels left

rFire    + . .     SeeInvis +   a - +1 hand axe
rCold    + . .     Faith    .   (no shield)
rNeg     . . .     Spirit   .   b - +0 leather armour
rPois    +         Reflect  .   (helmet unavailable)
rElec    +         Harm     .   (no cloak)
rCorr    +         Rampage  .   (no gloves)
Will     .....                  (no boots)
Stlth    +.........             (no amulet)
HPRegen  0.09/turn              (no ring)
MPRegen  0.09/turn              (no ring)

@: resistant
A: permanent stasis, dig shafts and tunnels, antennae 3, four strong arms,
deformed body, mutation resistance 1
a: Dig, Shaft Self, Renounce Religion, Depart the Abyss, Bend Space


You were on level 2 of the Dungeon.
You worshipped Lugonu.
Lugonu was pleased with you.
You visited 1 branch of the dungeon, and saw 2 of its levels.
You visited the Abyss 1 time.

You collected 96 gold pieces.

Inventory:

Hand Weapons
 a - a +1 hand axe (weapon)
Missiles
 c - 29 stones
 h - 26 sling bullets
Armour
 b - a +0 leather armour (worn)
Scrolls
 d - 4 scrolls of identify {unknown}
 e - 2 scrolls of teleportation {unknown}
 j - a scroll of noise {unknown}
Potions
 g - a potion of degeneration


   Skills:
 - Level 3.2 Fighting
 + Level 3.7 Axes
 - Level 2.1 Armour
 - Level 0.8 Dodging
 - Level 2.1 Invocations


You had 2 spell levels left.
You didn't know any spells.
Your spell library was empty.

Dungeon Overview and Level Annotations

Branches:
Dungeon (2/15)

Altars:


Innate Abilities, Weirdness & Mutations

You cannot be hasted, slowed, berserked, paralysed or teleported.
You can dig through walls and to a lower floor.
You have a pair of large antennae on your head. (SInv)
Your four strong arms can wield two-handed weapons with a shield.
Armour fits poorly on your strangely shaped body.
You are somewhat resistant to further mutation.


Message History

* * * LOW HITPOINT WARNING * * *
It was a potion of degeneration.
There was something very wrong with that liquid.
You feel weakened.
You feel dopey.
You feel clumsy.
You feel sick. The adder closely misses you.
The jackal bites you but does no damage.
The adder bites you.
* * * LOW HITPOINT WARNING * * *
It was a potion of curing.
You feel better. The jackal barely misses you. The adder barely misses you.
It was a potion of mutation.
You feel extremely strange.
Your body twists and deforms.
You feel genetically stable. The jackal completely misses you.
The adder closely misses you. The jackal bites you.
It was a potion of resistance.
You feel protected. The adder closely misses you. The jackal barely misses you.
The adder bites you.
* * * LOW HITPOINT WARNING * * *
Unknown command.
You hit the adder but do no damage.
The adder is lightly wounded.
You hit the jackal but do no damage. The jackal bites you.
* * * LOW HITPOINT WARNING * * *
The adder barely misses you. The jackal barely misses you.
You hit the adder.
The adder is heavily wounded.
You hit the jackal but do no damage. The adder bites you.
* * * LOW HITPOINT WARNING * * *
The jackal bites you but does no damage.
The adder barely misses you.
You hit the adder.
The adder is severely wounded.
You hit the jackal but do no damage. The jackal closely misses you.
The adder closely misses you. The jackal bites you.
* * * LOW HITPOINT WARNING * * *
You closely miss the adder.
The adder is severely wounded.
You hit the jackal. The adder bites you.
You die...

≈..≈≈≈≈≈≈≈≈≈≈≈≈
≈..≈≈≈≈≈≈≈≈≈≈≈≈≈≈≈≈≈...
8..8#≈≈≈≈≈≈≈≈≈≈≈≈≈....
8..8#...≈≈≈≈≈≈≈......
............##...... .
.......#..#.##..#..# ...
.......#..#.##..#..#....
####'#....#.##..#.......
...†............@S......
.........#...####h.#..#.
.........#....# h.....
.........#......#.......
.........#....#.#.....).
.........+..........#...
.........#..............
.........#..............
#.#....#.


You could see an adder and a jackal.

Vanquished Creatures
  A dart slug (D:1)
  3 ball pythons (D:1)
  2 endoplasms (D:1)
  2 giant cockroaches (D:1)
  2 goblins
  2 hobgoblins
  4 jackals (D:2)
  2 quokkas
  5 bats
  A frilled lizard (D:1)
  4 kobolds
  2 rats
30 creatures vanquished.

Vanquished Creatures (others)
  4 toadstools (D:1)
4 creatures vanquished.

Grand Total: 34 creatures vanquished

Notes
Turn   | Place    | Note
-------+----------+-------------------------------------------
     0 | Abyss:1  | Hector the Formicid Abyssal Knight began the quest for the
                  | Orb.
     0 | Abyss:1  | Reached XP level 1. HP: 18/18 MP: 2/2
    18 | D:1      | Escaped the Abyss
   387 | D:1      | Reached XP level 2. HP: 23/24 MP: 3/3
  1089 | D:1      | Reached XP level 3. HP: 29/29 MP: 4/4
  1356 | D:2      | Found a faded altar of an unknown god.
  1472 | D:2      | Noticed a scorpion
  1546 | D:2      | Reached ** piety under Lugonu
  1628 | D:2      | Gained mutation: Armour fits poorly on your strangely
                  | shaped body. [potion of mutation]
  1628 | D:2      | Gained mutation: You are somewhat resistant to further
                  | mutation. [potion of mutation]
  1632 | D:2      | HP: 1/29 [jackal (1)]
  1633 | D:2      | Slain by an adder

Illustrated notes

Levels and vault maps discovered:
D:1:      ldierk_water_garden, layout_basic
D:2:      wander_river, layout_basic, ebering_ecumenical_altar_webs

Skill      XL: |  1  2 |
---------------+-------+-----
Axes           | 3 |  3.7
Fighting       | |  3.2
Armour         | |  2.1
Dodging        | |  0.8
Invocations    | |  2.1

Action                   || total
-------------------------++-------
Melee: Hand axe          ||    81
  Use: Potion            ||     4
 Stab: Sleeping          ||     1
Armor: Leather armour    ||    25
Dodge: Dodged            ||    64

Table legend: (Time is in decaauts)
 A = Elapsed time spent in this place.
 B = Non-inter-level travel time spent in this place.
 C = Inter-level travel time spent in this place.
 D = Time resting spent in this place.
 E = Time spent auto-exploring this place.
 F = Levels seen in this place.
 G = Mean time per level.
                   A        B        C        D        E       F      G
               +--------+--------+--------+--------+--------+-----+--------+
         Total |   1650 |   1505 |    145 |      0 |   1239 |   3 |  550.0 |
       Dungeon |   1632 |   1487 |    145 |      0 |   1225 |   2 |  816.0 |
         Abyss |     18 |     18 |      0 |      0 |     14 |   1 |   18.0 |
               +--------+--------+--------+--------+--------+-----+--------+

Top non-repeatable levels by time:
     D:1: 1381 daAuts
     D:2: 250 daAuts
 Abyss:1: 18 daAuts
